 Dungeon Crawl Stone Soup version 0.31.0-9-g3a7656b989 (webtiles) character file.

Game seed: 8310917136410582863

28249 Gottschkopf the Devastator (level 13, -1/63 HPs)
             Began as a Deep Elf Conjurer on Feb 4, 2024.
             Was an Elder of Vehumet.
             Slain by a vault guard
             ... wielding a +0 bardiche
              (5 damage)
             ... on level 14 of the Dungeon.
             The game lasted 01:01:57 (15589 turns).

Gottschkopf the Devastator (Deep Elf Conjurer)     Turns: 15589, Time: 01:01:57

Health: -1/63      AC:  7    Str:  3    XL:     13   Next: 8%
Magic:  3/29       EV: 16    Int: 35    God:    Vehumet [****..]
Gold:   1098       SH:  0    Dex: 12    Spells: 4/33 levels left

rFire   + . .        q - +2 dagger "Mejoam" {freeze, Int+2}
rCold   . . .        t - orb {*channel}
rNeg    . . .        a - +0 robe
rPois   .            n - +2 helmet
rElec   .            (no cloak)
rCorr   .            M - +0 pair of gloves
SInv    .            g - +0 pair of boots
Will    ++...        I - amulet of faith
Stlth   +++          f - ring of willpower
HPRegen 0.30/turn    K - ring of protection from fire
MPRegen 0.21/turn

%: faith, channel magic (20%)
@: no status effects
A: clever 1, mutation resistance 1
a: Renounce Religion


You were on level 14 of the Dungeon.
You worshipped Vehumet.
Vehumet was greatly pleased with you.
You visited 1 branch of the dungeon, and saw 15 of its levels.

You collected 1098 gold pieces.

Inventory:

Hand Weapons
 j - a +0 scimitar of flaming
 q - the +2 dagger "Mejoam" (weapon) {freeze, Int+2}
   (You found it on level 4 of the Dungeon)

   Int+2:     It affects your intelligence (+2).
Missiles
 E - a throwing net
Armour
 a - a +0 robe (worn)
 b - a +3 leather armour
 g - a +0 pair of boots (worn)
 n - a +2 helmet (worn)
 o - an orb of guile
 t - an orb of energy (worn)
 M - a +0 pair of gloves (worn)
Magical Staves
 H - a staff of alchemy
Jewellery
 f - a ring of willpower (left hand)
 m - an amulet of reflection
 I - an amulet of faith (around neck)
 K - a ring of protection from fire (right hand)
Wands
 p - a wand of flame (37)
 u - a wand of quicksilver (11)
 y - a wand of roots (16)
 A - a wand of charming (1)
Scrolls
 c - 5 scrolls of teleportation
 i - 2 scrolls of amnesia
 k - a scroll of fog
 r - a scroll of poison
 x - 3 scrolls of immolation
 B - a scroll of revelation
 C - a scroll of enchant weapon
 D - a scroll of brand weapon
 F - a scroll of blinking
 G - 5 scrolls of identify
 J - a scroll of vulnerability
Potions
 d - 3 potions of enlightenment
 e - a potion of heal wounds
 h - 4 potions of might
 s - 8 potions of curing
 v - 2 potions of mutation
 w - 2 potions of brilliance
 z - a potion of lignification
 L - a potion of invisibility


   Skills:
 - Level 11.3 Dodging
 - Level 5.0 Stealth
 + Level 10.6 Spellcasting
 - Level 15.6 Conjurations
 - Level 3.4 Translocations
 + Level 7.6 Fire Magic
 + Level 6.8 Earth Magic
 - Level 8.0 Alchemy


You had 4 spell levels left.
You knew the following spells:

 Your Spells              Type           Power      Damage    Failure   Level
a - Bombard               Conj/Erth      39%        9d7       3%          6
b - Searing Ray           Conj           100%       2d8       1%          2
c - Fulminant Prism       Conj/Alch      39%        3d18      1%          4
d - Iskenderun's Mystic   Conj/Tloc      71%        2d14      1%          4
e - Blink                 Tloc           84%        N/A       4%          2
f - Alistair's Intoxicat  Alch           43%        N/A       9%          5
g - Magic Dart            Conj           100%       1d8       1%          1
h - Fireball              Conj/Fire      39%        3d16      1%          5

Your spell library contained the following spells:

 Spells                   Type           Power      Damage    Failure   Level
 Sting                    Conj/Alch      100%       1d9       1%          1
 Mercury Vapours          Alch/Air       92%        N/A       1%          2
 Momentum Strike          Conj/Tloc      100%       3d10      1%          2
 Dazzling Flash           Conj/Hex       100%       N/A       1%          3
 Inner Flame              Hex/Fire       45%        N/A       1%          3
 Mephitic Cloud           Conj/Alch/Air  65%        N/A       1%          3
 Flame Wave               Conj/Fire      79%        2d17      1%          4
 Olgreb's Toxic Radiance  Alch           65%        N/A       1%          4
 Sticky Flame             Fire/Alch      65%        2d11      1%          4
 Apportation              Tloc           84%        N/A       3%          1
 Passwall                 Erth           61%        N/A       3%          3
 Lesser Beckoning         Tloc           84%        N/A       4%          2
 Leda's Liquefaction      Alch/Erth      31%        N/A       5%          4
 Ensorcelled Hibernation  Hex/Ice        36%        N/A       12%         2
 Jinxbite                 Hex            36%        N/A       12%         2
 Manifold Assault         Tloc           42%        N/A       16%         4
 Fugue of the Fallen      Necr           18%        N/A       19%         3
 Swiftness                Air            18%        N/A       19%         3
 Anguish                  Hex/Necr       9%         N/A       43%         4
 Lee's Rapid Deconstruct  Erth           30%        3d16*     3%          5
 Yara's Violent Unravell  Hex/Alch       23%        3d10      8%          5
 Curse of Agony           Necr           18%        N/A       75%         5
 Silence                  Hex/Air        9%         N/A       75%         5
 Dispersal                Tloc           21%        N/A       83%         6
 Enfeeble                 Hex            9%         N/A       100%        7
 Disjunction              Tloc           21%        N/A       100%        8


Dungeon Overview and Level Annotations

Branches:
Dungeon (15/15)            Temple (0/1) D:7            Lair (0/5) D:8
    Orc (0/2) D:12         Vaults (0/5) D:14
 Depths: D:15

Altars:
Dithmenos
Hepliaklqana
Kikubaaqudgha
Makhleb
Okawaru
Ru
Sif Muna
Trog
Uskayaw
Vehumet
Yredelemnul

Shops:
D:9 (([((

Annotations:
D:14 26 runed translucent doors, Ficoysum's ghost, journeyman GnWn


Innate Abilities, Weirdness & Mutations

Your mind is acute. (Int +4, Str/Dex -1)
You are somewhat resistant to further mutation.


Message History

The terrible wounds on your body vanish.
Casting: Iskenderun's Mystic Blast (dangerous; 1% risk of failure)
Confirm with . or Enter, or press ? or * to list all spells.
The iron shot hits the vault guard!!
The vault guard is moderately wounded.
The blast sends you backwards. Magical energy flows into your mind!
Casting: Bombard (dangerous; 3% risk of failure)
Confirm with . or Enter, or press ? or * to list all spells.
The iron shot hits the vault guard!!
The vault guard is heavily wounded.
The blast sends you backwards.
The vault guard hits you with a +0 bardiche!
Casting: Bombard (dangerous; 3% risk of failure)
Confirm with . or Enter, or press ? or * to list all spells.
Okay, then.
The vault guard hits you from afar with a +0 bardiche!!
* * * LOW HITPOINT WARNING * * *
Casting: Bombard (dangerous; 3% risk of failure)
Confirm with . or Enter, or press ? or * to list all spells.
You erupt in a blast of force!
The mystic blast hits the vault guard!
The vault guard is severely wounded.
The vault guard is knocked back by the mystic blast.
The vault guard slams into the rock wall!
Magical energy flows into your mind!
Casting: Iskenderun's Mystic Blast (dangerous; 1% risk of failure)
Confirm with . or Enter, or press ? or * to list all spells.
Aiming: Searing Ray (safe; 1% risk of failure)
Press: ? - help, Shift-Dir - straight line, f/p - vault guard
Aim: a vault guard, wielding a +0 bardiche and wearing a +0 chain mail (severely wounded, 81% to hit)
The searing ray misses the vault guard. (Press . to maintain the ray.) Magical energy flows into your mind!
The searing ray hits the vault guard!
The vault guard is severely wounded.
The vault guard hits you from afar with a +0 bardiche!
* * * LOW HITPOINT WARNING * * *
The searing ray hits the vault guard.
The vault guard is almost dead.
The vault guard hits you from afar with a +0 bardiche.
You die...

############
########.p.@......#
######......>.########.#
.p...#.######## .###.#.#
.# #p#.# .# #.#.########
## #.p.........
###.######.. #>#


You could see a vault guard.

Vanquished Creatures
  A stone giant (D:15)
  An ogre mage (D:15)
  A catoblepas (D:15)
  A hydra (D:9)
  4 vault guards
  A centaur warrior (D:15)
  6 two-headed ogres
  Nergalle (D:11)
  3 skeletal warriors (D:14)
  Pikel (D:4)
  A deep elf pyromancer (D:12)
  3 manticores
  2 cyclopes
  5 ugly things
  2 gargoyles
  2 unseen horror zombies (D:9)
  A komodo dragon (D:8)
  Maggie (D:8)
  An unseen horror (D:12)
  3 trolls
  Grinder (D:4)
  4 slime creatures (D:12)
  2 shadows
  A wyvern (D:8)
  A spriggan (shapeshifter) (D:11)
  A wraith (D:10)
  A fire bat (shapeshifter) (D:15)
  11 yaks
  A basilisk (D:14)
  2 steam dragons
  Grum (D:8)
  7 vampire mosquitoes
  Edmund (D:4)
  2 water moccasins (D:8)
  A sky beast (D:8)
  4 orc warriors
  A swamp drake (D:12)
  5 black bears
  3 ogres
  6 centaurs
  2 wolves (D:8)
  2 lemures (D:4)
  2 necrophages (D:9)
  2 kobold brigands (D:8)
  A gnoll sergeant (D:10)
  2 scorpions
  6 bullfrogs
  2 wights
  4 killer bees (D:10)
  5 howler monkeys
  A bombardier beetle (D:4)
  2 centaur zombies (D:9)
  2 hounds
  A human zombie (D:9)
  A gnoll bouda (D:8)
  16 orc priests
  An iguana (D:5)
  2 sleepcaps
  23 orc wizards
  3 mummies (D:9)
  A howler monkey zombie (D:9)
  9 gnolls
  9 adders
  2 shadow imps
  2 white imps (D:6)
  2 ufetubi (D:6)
  2 ribbon worms (D:4)
  3 dart slugs
  49 orcs
  7 ball pythons
  A bat (D:3)
  5 endoplasms
  A giant cockroach (D:1)
  6 goblins
  7 hobgoblins
  2 jackals (D:3)
  6 quokkas
  3 frilled lizards
  23 kobolds
  3 rats
320 creatures vanquished.

Vanquished Creatures (others)
  66 fulminant prisms
66 creatures vanquished.

Grand Total: 386 creatures vanquished

Notes
Turn   | Place    | Note
-------+----------+-------------------------------------------
     0 | D:1      | Gottschkopf the Deep Elf Conjurer began the quest for the
                  | Orb.
     0 | D:1      | Reached XP level 1. HP: 10/10 MP: 6/6
   265 | D:1      | Reached XP level 2. HP: 15/15 MP: 6/8
   356 | D:1      | Reached skill level 5 in Conjurations
   648 | D:1      | Learned a level 2 spell: Searing Ray
  1092 | D:2      | Reached XP level 3. HP: 19/19 MP: 0/9
  1212 | D:2      | Reached skill level 6 in Conjurations
  1561 | D:2      | Reached XP level 4. HP: 24/24 MP: 6/10
  1644 | D:2      | Learned a level 4 spell: Fulminant Prism
  2317 | D:3      | Reached skill level 1 in Alchemy
  2959 | D:4      | Noticed Grinder
  2966 | D:4      | Killed Grinder
  2967 | D:4      | Reached skill level 7 in Conjurations
  2967 | D:4      | Reached XP level 5. HP: 28/28 MP: 2/11
  2967 | D:4      | Reached XP level 6. HP: 32/32 MP: 2/12
  2972 | D:4      | Learned a level 4 spell: Iskenderun's Mystic Blast
  3123 | D:4      | Identified the +2 dagger "Mejoam" {freeze, Int+2}
  3142 | D:4      | Reached skill level 8 in Conjurations
  3142 | D:4      | Reached skill level 1 in Translocations
  3461 | D:4      | Noticed Pikel
  3472 | D:4      | Killed Pikel
  3473 | D:4      | Reached skill level 9 in Conjurations
  3473 | D:4      | Reached XP level 7. HP: 36/36 MP: 0/13
  3805 | D:4      | Found a burning altar of Makhleb.
  3812 | D:4      | Found a bloodstained altar of Trog.
  4007 | D:4      | Noticed Edmund
  4043 | D:4      | Reached XP level 8. HP: 30/41 MP: 5/14
  4047 | D:4      | Killed Edmund
  4048 | D:4      | Reached skill level 10 in Conjurations
  4447 | D:5      | Entered Level 5 of the Dungeon
  5128 | D:5      | Reached skill level 5 in Dodging
  5223 | D:5      | Found an ancient bone altar of Kikubaaqudgha.
  5579 | D:6      | Reached skill level 11 in Conjurations
  6283 | D:6      | Found a sacrificial altar of Ru.
  6597 | D:7      | Reached XP level 9. HP: 30/45 MP: 9/15
  6632 | D:7      | Gained mutation: Your mind is acute. (Int +4, Str/Dex -1)
                  | [potion of mutation]
  6632 | D:7      | Gained mutation: You are somewhat resistant to further
                  | mutation. [potion of mutation]
  6923 | D:7      | Found an iron altar of Okawaru.
  6980 | D:7      | Found a radiant altar of Vehumet.
  6991 | D:7      | Became a worshipper of Vehumet
  7079 | D:7      | Learned a level 2 spell: Blink
  7394 | D:7      | Found a staircase to the Ecumenical Temple.
  7464 | D:7      | Found a shadowy altar of Dithmenos.
  7467 | D:7      | Found a hazy altar of Hepliaklqana.
  7751 | D:8      | Reached skill level 12 in Conjurations
  7912 | D:8      | Reached skill level 5 in Spellcasting
  7923 | D:8      | Noticed Maggie
  7941 | D:7      | HP: 2/45 [spore (15)]
  8211 | D:8      | Killed Maggie
  8214 | D:8      | Reached * piety under Vehumet
  8214 | D:8      | Offered knowledge of Kiss of Death by Vehumet.
  8546 | D:8      | Reached XP level 10. HP: 38/50 MP: 13/21
  8552 | D:9      | Noticed a cyan ugly thing
  8825 | D:8      | Noticed Grum
  8848 | D:8      | Killed Grum
  8849 | D:8      | Reached skill level 13 in Conjurations
  9050 | D:8      | Found a staircase to the Lair.
  9237 | D:8      | Found a shimmering blue altar of Sif Muna.
  9512 | D:9      | Found Ohalih's Antique Weapon Boutique.
  9524 | D:9      | Noticed a four-headed hydra
  9533 | D:9      | Killed a four-headed hydra
  9540 | D:9      | Found Delibris's Antique Weapon Shop.
  9544 | D:10     | Entered Level 10 of the Dungeon
  9773 | D:9      | Noticed a two-headed ogre
  9780 | D:9      | Killed a two-headed ogre
  9954 | D:9      | Found Asoumob's Weapon Shoppe.
  9962 | D:9      | Reached ** piety under Vehumet
  9968 | D:9      | Offered knowledge of Freeze by Vehumet.
  9985 | D:9      | Killed a cyan ugly thing
 10136 | D:9      | Found Ibuof's Armour Boutique.
 10248 | D:9      | Found Fedeloab's Weapon Shoppe.
 10376 | D:9      | Reached skill level 14 in Conjurations
 10463 | D:9      | Reached skill level 10 in Dodging
 10463 | D:9      | Reached skill level 5 in Alchemy
 10638 | D:9      | Found a basalt altar of Yredelemnul.
 10728 | D:9      | Found a hide-covered altar of Uskayaw.
 10924 | D:10     | Reached XP level 11. HP: 54/54 MP: 17/24
 11240 | D:10     | Noticed a brown ugly thing
 11261 | D:10     | Killed a brown ugly thing
 11268 | D:10     | Learned a level 5 spell: Alistair's Intoxication
 11395 | D:10     | Offered knowledge of Frozen Ramparts by Vehumet.
 11693 | D:10     | Reached *** piety under Vehumet
 12200 | D:11     | Noticed Nergalle
 12209 | D:11     | Killed Nergalle
 12353 | D:11     | Reached skill level 15 in Conjurations
 12373 | D:11     | Noticed a two-headed ogre
 12380 | D:11     | Killed a two-headed ogre
 12687 | D:11     | Reached skill level 5 in Stealth
 13036 | D:12     | Noticed a two-headed ogre
 13042 | D:12     | Killed a two-headed ogre
 13044 | D:12     | Noticed a deep elf pyromancer
 13053 | D:12     | Killed a deep elf pyromancer
 13063 | D:12     | Offered knowledge of Hailstorm by Vehumet.
 13484 | D:12     | Found a staircase to the Orcish Mines.
 13734 | D:12     | Reached XP level 12. HP: 59/59 MP: 20/27
 13778 | D:12     | Reached **** piety under Vehumet
 13796 | D:12     | Offered knowledge of Fireball by Vehumet.
 13820 | D:11     | Learned a level 5 spell: Fireball
 14119 | D:12     | Reached skill level 1 in Fire Magic
 14650 | D:13     | Noticed a tengu warrior
 14664 | D:14     | Found a huge runed translucent gate.
 14664 | D:14     | Found a huge runed translucent gate.
 14664 | D:14     | Found a huge runed translucent gate.
 14664 | D:14     | Found a huge runed translucent gate.
 14664 | D:14     | Found a huge runed translucent gate.
 14664 | D:14     | Found a huge runed translucent gate.
 14664 | D:14     | Found a huge runed translucent gate.
 14664 | D:14     | Found a huge runed translucent gate.
 14664 | D:14     | Found a huge runed translucent gate.
 14664 | D:14     | Found a huge runed translucent gate.
 14664 | D:14     | Found a huge runed translucent gate.
 14664 | D:14     | Found a huge runed translucent gate.
 14664 | D:14     | Found a huge runed translucent gate.
 14850 | D:14     | Found a huge runed translucent gate.
 14851 | D:14     | Found a huge runed translucent gate.
 14852 | D:14     | Found a huge runed translucent gate.
 14853 | D:14     | Found a huge runed translucent gate.
 14858 | D:14     | Found a huge runed translucent gate.
 14858 | D:14     | Found a huge runed translucent gate.
 14861 | D:14     | Found a huge runed translucent gate.
 14871 | D:14     | Learned a level 6 spell: Bombard
 14871 | D:14     | Found a huge runed translucent gate.
 14872 | D:14     | Found a huge runed translucent gate.
 14873 | D:14     | Found a huge runed translucent gate.
 14883 | D:14     | Found a runed translucent gate.
 14884 | D:14     | Found a runed translucent gate.
 14884 | D:14     | Found a runed translucent gate.
 14886 | D:14     | Noticed Ficoysum's ghost (journeyman GnWn)
 14899 | D:14     | Reached skill level 1 in Earth Magic
 15130 | D:14     | Found a gate to the Vaults.
 15130 | D:14     | Noticed a vault guard
 15130 | D:14     | Noticed a vault guard
 15130 | D:14     | Noticed a vault guard
 15130 | D:14     | Noticed a vault guard
 15130 | D:14     | Noticed a vault guard
 15131 | D:14     | Noticed a vault guard
 15132 | D:14     | Noticed a vault guard
 15134 | D:14     | Killed a vault guard
 15134 | D:14     | Noticed a vault guard
 15135 | D:14     | Reached skill level 5 in Fire Magic
 15135 | D:14     | Killed a vault guard
 15136 | D:14     | Killed a vault guard
 15151 | D:15     | Entered Level 15 of the Dungeon
 15158 | D:15     | Killed a vault guard
 15159 | D:15     | Reached skill level 5 in Earth Magic
 15160 | D:15     | Noticed a catoblepas
 15167 | D:15     | Killed a catoblepas
 15334 | D:15     | Noticed an ogre mage
 15334 | D:15     | Noticed a two-headed ogre
 15335 | D:15     | Noticed a two-headed ogre
 15339 | D:15     | Killed a two-headed ogre
 15343 | D:15     | Noticed a two-headed ogre
 15345 | D:15     | Killed an ogre mage
 15346 | D:15     | Killed a two-headed ogre
 15347 | D:15     | Reached skill level 10 in Spellcasting
 15349 | D:15     | Killed a two-headed ogre
 15350 | D:15     | Noticed a centaur warrior
 15354 | D:15     | Killed a centaur warrior
 15385 | D:15     | Identified the +1 hand axe of Xaudof {heavy, Str+4 Dex+4}
 15497 | D:15     | Reached XP level 13. HP: 63/63 MP: 20/29
 15542 | D:15     | Noticed a stone giant
 15547 | D:15     | Killed a stone giant
 15589 | D:14     | Slain by a vault guard

Illustrated notes

Levels and vault maps discovered:
D:1:      mainiacjoe_arrival_oval_in_oval, layout_loops_ring, nicolae_titane
D:2:      layout_loops_corners
D:3:      layout_loops_ring, moated_statue
D:4:      layout_cave_pods, minitemple, kennysheep_potato, uniq_pikel,
          uniq_edmund, uniq_grinder
D:5:      layout_cave_pools, nicolae_kikubaaqudgha_miasma_corner
D:6:      layout_gridville, mainiacjoe_overflow_small_starburst
D:7:      hellmonk_destroyed_diamonds, layout_loops_ring,
          riverfiend_overflow_shadow_ancestor, grunt_temple_overflow_open,
          nicolae_elevator_lobby_asterisk
D:8:      layout_loops_ring, led_sif_book, due_lair_maze_entry_diamond,
          uniq_maggie, uniq_grum
D:9:      layout_cave_pools, kennysheep_mini,
          lemuel_mausoleum_altar_yredelemnul, serial_shops, shop, shop, shop,
          shop, shop_coins, serial_park, serial_park_gazebo
          [serial_park_minivault_5x5_2], serial_park_square2,
          serial_park_tiny_2, amcnicky_mini_corridor_feature
D:10:     layout_irregular_city, moated_statue, wad_rectangle_vault
D:11:     layout_gridville, uniq_nergalle
D:12:     layout_cross, erik_orc_1, nicolae_sextant
D:13:     layout_cave_pools, chequers_serial_rivers_marsh,
          chequers_serial_rivers_room_a
D:14:     layout_loops_ring, erik_vaults_2, nicolae_eternal_life,
          ebering_ghost_rock_garden, door_vault, uniq_agnes, uniq_louise
D:15:     grunt_enter_depths_giant_problem, layout_basic, enter_trove_0,
          hangedman_decor_growths, corexii_hall_statues_l

Skill      XL: |  1  2  3  4  5  6  7  8  9 10 11 12 |
---------------+-------------------------------------+-----
Conjurations   | 5 6 7 9 11 12 14 15 | 15.6
Alchemy        | 2 5 7 8 |  8.0
Translocations | 3 |  3.4
Dodging        | 3 5 8 10 11 | 11.3
Spellcasting   | 6 7 9 10 | 10.6
Stealth        | 3 5 |  5.0
Fire Magic     | 7 |  7.6
Earth Magic    | 6 |  6.8

Action                     |  1- 3 |  4- 6 |  7- 9 | 10-12 | 13-15 || total
---------------------------+-------+-------+-------+-------+-------++-------
  Melee: Dagger            |     3 |       |    40 |    22 |       ||    65
   Cast: Magic Dart        |    47 |    71 |   131 |   141 |     2 ||   392
         Searing Ray       |     1 |     5 |    26 |    38 |     1 ||    71
         Fulminant Prism   |       |     2 |     8 |    56 |       ||    66
         Iskenderun's Myst |       |       |    18 |    49 |     2 ||    69
         Alistair's Intoxi |       |       |       |     2 |       ||     2
         Fireball          |       |       |       |    40 |       ||    40
         Bombard           |       |       |       |     7 |     9 ||    16
    Use: Potion            |       |       |     9 |     3 |       ||    12
         Scroll            |       |       |     9 |     8 |       ||    17
 Armour: Robe              |     7 |       |    77 |   131 |     5 ||   220
  Dodge: Dodged            |     5 |     3 |    69 |   124 |       ||   201
  Block: Other             |       |     2 |    19 |     8 |       ||    29
         Reflection        |       |     2 |       |     2 |       ||     4
